 Dungeon Crawl Stone Soup version 0.30-a0-457-g4b7bca3bfa (webtiles) character file.

Game seed: 4462658147188937803

23 Zarc the Trooper (level 2, -9/19 HPs)
             Began as a Gargoyle Monk on Dec 13, 2022.
             Killed by divine providence
             ... invoked by an orc priest
              (13 damage)
             ... on level 3 of the Dungeon.
             The game lasted 00:15:56 (1607 turns).

Zarc the Trooper (Gargoyle Monk)                    Turns: 1607, Time: 00:15:59

Health: -9/19      AC: 11    Str: 14    XL:     2   Next: 95%
Magic:  2/2        EV:  6    Int: 10    God:
Gold:   69         SH:  0    Dex: 12    Spells: 1/1 levels left

rFire   x . .      SeeInvis .    h - +0 sling
rCold   + . .      Faith    .    (no shield)
rNeg    + . .      Spirit   .    i - +0 chain mail
rPois   ∞          Reflect  .    (no helmet)
rElec   +          Harm     .    (no cloak)
rCorr   .          Rampage  .    f - +0 pair of gloves
Will    .....                    (no boots)
Stlth   ..........               (no amulet)
HPRegen 0.23/turn                l - ring of ice
MPRegen 0.08/turn                (no ring)

@: no status effects
A: sickness immunity, AC +2, negative energy resistance 1, electricity
resistance, torment resistance 1, petrification resistance
a: no special abilities


You were on level 3 of the Dungeon.
You visited 1 branch of the dungeon, and saw 3 of its levels.

You collected 69 gold pieces.

Inventory:

Hand Weapons
 a - a +0 spear
 e - a +0 hand axe
 h - a +0 sling (weapon)
 j - a +0 club
 n - a +0 whip
Missiles
 d - 2 javelins
Armour
 b - a +0 robe
 f - a +0 pair of gloves (worn)
 g - a +0 ring mail
 i - a +0 chain mail (worn)
Jewellery
 l - a ring of ice (left hand)
Scrolls
 k - a scroll of identify
Potions
 c - 2 potions of ambrosia
 m - a potion of cancellation {unknown}
 o - a potion of curing {unknown}
 p - 2 potions of mutation {unknown}


   Skills:
 + Level 3.5 Fighting
 + Level 3.0 Polearms
 + Level 1.0 Ranged Weapons
 + Level 0.4 Armour
 + Level 2.5 Dodging
 + Level 2.3 Stealth


You had one spell level left.
You didn't know any spells.
Your spell library contained the following spells:

 Spells                   Type           Power      Damage    Failure   Level
 Summon Small Mammal      Summ           0%         N/A       100%        1
 Call Canine Familiar     Summ           0%         N/A       100%        3
 Summon Guardian Golem    Hex/Summ       0%         N/A       100%        3


Dungeon Overview and Level Annotations

Branches:
Dungeon (3/15)

Altars:


Innate Abilities, Weirdness & Mutations

You are immune to sickness and miasma.
Your stone body is resilient. (AC +2)
You are immune to poison.
You resist negative energy. (rN+)
You are resistant to electric shocks. (rElec)
You are resistant to unholy torment.
You are immune to petrification.


Message History

The orc priest calls upon Beogh to heal the orc.
The orc is healed somewhat.
The orc barely misses you. The orc hits you but does no damage.
You shoot a sling bullet.
The sling bullet closely misses the orc.
The sling bullet barely misses the orc priest.
The orc hits you but does no damage. x2
You shoot a sling bullet. The sling bullet barely misses the orc.
The sling bullet closely misses the orc priest.
The orc hits you with a +0 dagger.
You shoot a sling bullet.
The sling bullet hits the orc but does no damage.
The orc hits you with a +0 dagger. The orc hits you but does no damage.
You shoot a sling bullet.
The sling bullet closely misses the orc.
The sling bullet closely misses the orc priest.
The orc hits you but does no damage. x2
You shoot a sling bullet. The sling bullet barely misses the orc.
The sling bullet hits the orc priest but does no damage.
The orc priest casts a cantrip, but nothing happens.
The orc hits you but does no damage. x2
You shoot a sling bullet. The sling bullet hits the orc.
The orc is heavily wounded.
The orc hits you but does no damage. The orc hits you with a +0 dagger.
You shoot a sling bullet. The sling bullet hits the orc.
You kill the orc!
The orc priest calls down the wrath of Beogh upon you.
Pain shoots through your body!
* * * LOW HITPOINT WARNING * * *
You shoot a sling bullet. The sling bullet hits the orc priest.
The orc priest is moderately wounded.
The orc priest barely misses you.
The orc priest hits you but does no damage.
You shoot a sling bullet. The sling bullet hits the orc priest.
The orc priest is severely wounded.
The orc priest hits you but does no damage.
The orc priest calls down the wrath of Beogh upon you.
Beogh smites you!
Ouch! That really hurt!
You die...

### ###############.....
#####...........@o).....
...##.#############.####
.#..........#
...########.## ###....
...# # # #.### #..# .#
###.#######..##..#
.................#
###..........##..#


You could see an orc priest.

Vanquished Creatures
  A dart slug (D:3)
  4 orcs (D:3)
  An endoplasm (D:1)
  2 giant cockroaches (D:1)
  A hobgoblin (D:1)
  2 ball pythons
  A bat (D:1)
  A frilled lizard (D:1)
  2 kobolds
  3 rats
18 creatures vanquished.

Notes
Turn   | Place    | Note
-------+----------+-------------------------------------------
     0 | D:1      | Zarc the Gargoyle Monk began the quest for the Orb.
     0 | D:1      | Reached XP level 1. HP: 14/14 MP: 1/1
   651 | D:1      | Found a faded altar of an unknown god.
   680 | D:1      | Reached XP level 2. HP: 19/19 MP: 2/2
  1596 | D:3      | Reached skill level 1 in Ranged Weapons
  1607 | D:3      | Killed from afar by an orc priest

Illustrated notes

Levels and vault maps discovered:
D:1:      matt_arrival_grand_opening, layout_basic,
          hellmonk_ecumenical_altar_pennies_from_heaven,
          chequers_serial_rivers_micro_d, minmay_misc_feat_iff
D:2:      layout_loops_corners, guppyfry_early_orc_mine
D:3:      layout_loops_ring, minitemple, gammafunk_ghost_smash,
          minmay_misc_feat_enclosed, kennysheep_generic_room_14, uniq_ijyb

Skill      XL: |  1  2 |
---------------+-------+-----
Polearms       | 3 |  3.0
Ranged Weapons | 1 |  1.0
Fighting       | |  3.5
Armour         | |  0.4
Dodging        | |  2.5
Stealth        | |  2.3

Action                   || total
-------------------------++-------
Melee: Spear             ||    18
 Fire: Sling             ||    56
  Use: Scroll            ||     4
Armor: Ring mail         ||    13
       Chain mail        ||    44
Dodge: Dodged            ||    33

Table legend: (Time is in decaauts)
 A = Elapsed time spent in this place.
 B = Non-inter-level travel time spent in this place.
 C = Inter-level travel time spent in this place.
 D = Time resting spent in this place.
 E = Time spent auto-exploring this place.
 F = Levels seen in this place.
 G = Mean time per level.
                   A        B        C        D        E       F      G
               +--------+--------+--------+--------+--------+-----+--------+
         Total |   1661 |   1661 |      0 |      0 |     60 |   3 |  553.7 |
       Dungeon |   1661 |   1661 |      0 |      0 |     60 |   3 |  553.7 |
               +--------+--------+--------+--------+--------+-----+--------+

Top non-repeatable levels by time:
     D:1: 1461 daAuts
     D:3: 187 daAuts
     D:2: 12 daAuts
